 Dungeon Crawl Stone Soup version 0.19.3-1-g3169bf9 (webtiles) character file.

49 Gargoyl the Skirmisher (level 3, -7/33 HPs)
             Began as a Ghoul Abyssal Knight on Jan 25, 2017.
             Was a Follower of Lugonu.
             Mangled by Sigmund
             ... wielding a +2 scythe of flaming
              (10 damage)
             ... on level 2 of the Dungeon.
             The game lasted 00:02:32 (939 turns).

Gargoyl the Skirmisher (Ghoul Abyssal Knight)        Turns: 939, Time: 00:02:33

Health: -7/33      AC:  9    Str: 15    XL:     3   Next: 75%
Magic:  3/3        EV:  3    Int:  7    God:    Lugonu [*.....]
Gold:   74         SH:  6    Dex:  9    Spells: 0 memorised, 2 levels left

rFire  . . .     SeeInvis .     d - +0 war axe
rCold  + . .     Gourm    .     b - +0 chain mail
rNeg   + + +     Faith    .     m - +0 shield
rPois  ∞         Spirit   .     (no helmet)
rElec  .         Reflect  .     e - +0 cloak (curse)
rCorr  .         Harm     .     (no gloves)
MR     .....                    (no boots)
Stlth  ..........               (no amulet)
                                (no ring)
                                (no ring)

@: flying, rotting
A: rotting body, claws 1, carnivore 3, cold resistance 1, negative energy
resistance 3, slow regeneration 1, torment resistance, unbreathing
a: Depart the Abyss, Renounce Religion


You were on level 2 of the Dungeon.
You worshipped Lugonu.
Lugonu was aware of your devotion.
You were not hungry.

You visited 1 branch of the dungeon, and saw 2 of its levels.
You visited the Abyss 1 time.

You collected 74 gold pieces.

Inventory:

Hand Weapons
 a - a +1 hand axe
 d - a +0 war axe (weapon)
Armour
 b - a +0 chain mail (worn)
 e - a cursed +0 cloak (worn)
 m - a +0 shield (worn)
Scrolls
 g - a scroll of random uselessness {unknown}
Potions
 k - a potion of magic
Comestibles
 c - a meat ration
 f - 2 beef jerkies


   Skills:
 + Level 4.0 Fighting
 + Level 2.1 Axes
 * Level 2.2 Armour
 + Level 1.1 Dodging
 * Level 2.5 Invocations


You had 2 spell levels left.
You didn't know any spells.

Dungeon Overview and Level Annotations

Branches:
Dungeon (2/15)

Altars:

Annotations:
D:2 Sigmund


Innate Abilities, Weirdness & Mutations

Your body is rotting away.
You thrive on raw meat.
You are immune to poison.
You have sharp fingernails.
You are carnivorous and can eat meat at any time.
Your flesh is cold resistant. (rC+)
You are immune to negative energy. (rN+++)
You regenerate slowly when monsters are visible.
You are immune to unholy pain and torment.
You can survive without breathing.


Message History

You bump into the rock wall.
You feel less confused.
Sigmund hits you with a scythe of flaming.
Sigmund burns you.
You slash Sigmund!
Sigmund is moderately wounded.
You block Sigmund's attack.
You closely miss Sigmund.
Sigmund is moderately wounded.
Sigmund hits you with a scythe of flaming.
Sigmund burns you.
Your shield and chain mail prevent you from hitting Sigmund.
Sigmund is moderately wounded.
Sigmund points at you and mumbles some strange words.
The puff of flame hits you!
* * * LOW HITPOINT WARNING * * *
Your shield and chain mail prevent you from hitting Sigmund.
Sigmund is moderately wounded.
Sigmund hits you with a scythe of flaming!
You die...

#.# #.#
.# #.#
.# #.#
.# #.#
.# #.#
.# #.#
.#
#.###@#
#...@.#
#####.#
##


You could see Sigmund.

Vanquished Creatures
  A gnoll (D:1)
  2 dart slugs (D:1)
  A leopard gecko (D:1)
  A ball python (D:2)
  A bat (D:1)
  4 giant cockroaches
  2 goblins (D:1)
  2 hobgoblins (D:1)
  3 jackals (D:1)
  A frilled lizard (D:1)
  9 kobolds (D:1)
  2 rats
29 creatures vanquished.

Notes
Turn   | Place    | Note
-------+----------+-------------------------------------------
     0 | Abyss:1  | Gargoyl the Ghoul Abyssal Knight began the quest for the Orb.
     0 | Abyss:1  | Reached XP level 1. HP: 19/19 MP: 1/1
     6 | Abyss:2  | Found a corrupted altar of Lugonu.
    72 | Abyss:2  | Noticed a wretched star
    93 | Abyss:2  | Noticed a spatial vortex
    94 | Abyss:2  | Noticed a spatial vortex
    97 | Abyss:2  | Noticed a spatial vortex
   101 | Abyss:2  | Noticed a large abomination
   101 | Abyss:2  | Noticed a large abomination
   103 | D:1      | Escaped the Abyss
   129 | D:1      | Reached XP level 2. HP: 4/27 MP: 2/2
   225 | D:1      | Reached XP level 3. HP: 32/33 MP: 3/3
   264 | D:1      | Reached * piety under Lugonu
   317 | D:1      | Reached skill level 4 in Fighting
   393 | D:1      | Reached skill level 1 in Dodging
   924 | D:2      | Noticed Sigmund
   939 | D:2      | Mangled by Sigmund

Skill      XL: |  1  2  3 |
---------------+----------+-----
Armour         | 2 |  2.2
Axes           | 2 |  2.1
Fighting       | 4 |  4.0
Dodging        | 1 |  1.1
Invocations    | |  2.5

Action                   || total
-------------------------++-------
Melee: War axe           ||   106
Invok: Depart the Abyss  ||     1
  Use: Potion            ||     4
  Eat: Chunk             ||    17
Armor: Leather armour    ||    43
       Chain mail        ||    30
       Ring mail         ||     1
Dodge: Dodged            ||    98
Block: Shield            ||    26
